 Dungeon Crawl Stone Soup version 0.28-a0-429-g1448048969 (webtiles) character file.

Game seed: 7031506479577707973

406 robertstho the Magician (level 7, -2/48 HPs)
             Began as a Djinni Fire Elementalist on Sept 10, 2021.
             Killed from afar by a white imp (15 damage)
             ... with a puff of frost
             ... on level 3 of the Dungeon.
             The game lasted 00:05:38 (4420 turns).

robertstho the Magician (Djinni Fire Elementalist)  Turns: 4420, Time: 00:05:39

Health: -2/48      AC:  2    Str:  5 (7)  XL:     7   Next: 12%
Gold:   148        EV: 12    Int: 17 (19) God:
                   SH:  0    Dex: 11 (13)

rFire   + + .      SeeInvis .   n - +0 hand axe (vorpal)
rCold   x . .      Faith    .   (no shield)
rNeg    . . .      Spirit   .   a - +0 robe
rPois   ∞          Reflect  .   (no helmet)
rElec   .          Harm     .   (no cloak)
rCorr   .          Rampage  .   (no gloves)
Will    .....                   (boots unavailable)
Stlth   ++........              (no amulet)
HPRegen 0.16/turn               (no ring)
MPRegen 0.00/turn               (no ring)

@: flying
A: sickness immunity, fire resistance 2, cold vulnerability 1, float, innate
caster, hp casting, extra vitality 1
a: no special abilities


You were on level 3 of the Dungeon.
You visited 1 branch of the dungeon, and saw 3 of its levels.

You collected 148 gold pieces.

Inventory:

Hand Weapons
 d - a +0 dagger
 n - a +0 vorpal hand axe (weapon)
Armour
 a - a +0 robe (worn)
Wands
 i - a wand of polymorph (14)
Scrolls
 b - a scroll of acquirement {unknown}
 c - 2 scrolls of immolation {unknown}
 f - a scroll of amnesia {unknown}
 g - 2 scrolls of fog {unknown}
 h - a scroll of identify {unknown}
 m - 2 scrolls of vulnerability {unknown}
 p - a scroll of teleportation {unknown}
Potions
 e - a potion of curing {unknown}
 j - a potion of degeneration
 k - a potion of attraction {unknown}
 l - a potion of might {unknown}
 o - a potion of heal wounds {unknown}
 q - a potion of resistance {unknown}


   Skills:
 * Level 1.9 Fighting
 + Level 2.5 Dodging
 + Level 2.0 Stealth
 * Level 5.3 Spellcasting


You couldn't memorise any spells.
You knew the following spells:

 Your Spells              Type           Power      Damage    Failure   Level
a - Foxfire               Conj/Fire      88%        2x1d8     1%          1
b - Scorch                Fire           44%        2d7       2%          2
c - Conjure Flame         Conj/Fire      22%        6-21      4%          3
d - Inner Flame           Hex/Fire       22%        N/A       4%          3
e - Flame Wave            Conj/Fire      22%        3d6       16%         4
f - Apportation           Tloc           44%        N/A       1%          1
g - Wereblood             Tmut           22%        N/A       2%          2
h - Call Imp              Summ           22%        N/A       2%          2
Your spell library was empty.

Dungeon Overview and Level Annotations

Branches:
Dungeon (3/15)

Altars:
Ashenzari
Nemelex Xobeh
Sif Muna
The Shining One

Shops:
D:1 :


Innate Abilities, Weirdness & Mutations

You are immune to sickness and miasma.
You are immune to poison.
Your flesh is very heat resistant. (rF++)
You are vulnerable to cold. (rC-)
You float through the air rather than walking.
You learn spells naturally, not from books.
Your magical power is your life essence.
You have superior vitality. (+4 HP)


Message History

The orc wizard is heavily wounded.
The flame wave engulfs the orc!
You kill the orc!
The orc wizard hits you with a +0 dagger.
A wave of flame ripples out!
The flame wave engulfs the orc wizard!
You kill the orc wizard!
You finish channelling waves of flame.
Your Stealth skill increases to level 2!
You start resting.
HP restored.
Items here: )) [ †.
You see here a +0 club.
Items here: )) [ †.
Found 23 arrows.
A white imp comes into view.
A white imp is nearby!
A white imp is nearby!
A white imp is nearby!
A white imp is nearby!
A white imp is nearby!
The white imp shouts!
You hear a shout!
An endoplasm comes into view.
The white imp gestures at you. The puff of frost hits you!
You feel a terrible chill!
Casting: Foxfire (safe; 1% risk of failure)
Press: ? - help, Q - select action, (/) - cycle Dir - look around, f - activate You conjure some foxfire!
The white imp gestures at you. The puff of frost hits you!!
You feel a terrible chill!
* * * LOW HITPOINT WARNING * * *
Casting: Foxfire (safe; 1% risk of failure)
Press: ? - help, Q - select action, (/) - cycle Dir - look around, f - activate You conjure some foxfire!
* * * LOW HITPOINT WARNING * * *
The foxfire hits the white imp.
The white imp is lightly wounded.
A goblin comes into view. It is wielding a +0 club.
The white imp gestures at you. The puff of frost hits you!
You feel a terrible chill!
You die...

########## #.....v5g
#....§.# #...§..#
#.(§...## #.§@v...#
#.§.v...# #.###....#
#...###.###
#.....###...
#.......#._.
#.....###...###
#...###.#####.###
#.###....#.#....####


You could see a white imp (ally target) and a goblin.

Vanquished Creatures
  A sky beast (D:3)
  A bullfrog zombie (D:3)
  A centaur skeleton (D:3)
  Jessica (D:2)
  3 orc wizards (D:3)
  Terence (D:2)
  Robin (D:2)
  3 gnolls (D:2)
  2 adders
  7 orcs (D:3)
  2 bats
  3 endoplasms
  2 giant cockroaches
  7 hobgoblins
  4 jackals (D:2)
  2 quokkas
  4 ball pythons (D:2)
  4 frilled lizards
  12 goblins
  8 kobolds
  3 rats
72 creatures vanquished.

Vanquished Creatures (collateral kills)
  A foxfire (D:2)
1 creature vanquished.

Vanquished Creatures (others)
  226 foxfires
  38 plants (D:2)
264 creatures vanquished.

Grand Total: 337 creatures vanquished

Notes
Turn   | Place    | Note
-------+----------+-------------------------------------------
     0 | D:1      | robertstho the Djinni Fire Elementalist began the quest for
                  | the Orb.
     0 | D:1      | Reached XP level 1. HP: 15/15 MP: 0/0
   372 | D:1      | Reached XP level 2. HP: 10/21 MP: 0/0
   616 | D:1      | Found Zugenan's Book Shoppe.
  1081 | D:1      | Found a faded altar of an unknown god.
  1400 | D:2      | Reached skill level 3 in Spellcasting
  1418 | D:2      | Noticed Jessica
  1607 | D:2      | Noticed Robin
  1611 | D:1      | Reached XP level 3. HP: 21/25 MP: 0/0
  1611 | D:1      | Learned a level 1 spell: Apportation
  1791 | D:2      | Found a glowing golden altar of the Shining One.
  1990 | D:2      | Killed Jessica
  1991 | D:2      | Reached XP level 4. HP: 27/31 MP: 0/0
  2386 | D:2      | Killed Robin
  2395 | D:2      | Reached XP level 5. HP: 18/36 MP: 0/0
  2395 | D:2      | Learned a level 2 spell: Wereblood
  2461 | D:2      | Reached skill level 4 in Spellcasting
  2873 | D:2      | Noticed Terence
  2880 | D:2      | Killed Terence
  3258 | D:3      | Reached skill level 1 in Fighting
  3424 | D:3      | Found a broken altar of Ashenzari.
  3453 | D:3      | Reached XP level 6. HP: 39/42 MP: 0/0
  3678 | D:3      | Found a sparkling altar of Nemelex Xobeh.
  4035 | D:3      | Noticed a sky beast
  4042 | D:3      | Killed a sky beast
  4043 | D:3      | Reached skill level 5 in Spellcasting
  4043 | D:3      | Reached XP level 7. HP: 29/48 MP: 0/0
  4043 | D:3      | Learned a level 2 spell: Call Imp
  4420 | D:3      | Killed from afar by a white imp

Illustrated notes

Levels and vault maps discovered:
D:1:      dpeg_arrival_water_temple_mockup, layout_basic, serial_shops, shop,
          hellmonk_ecumenical_altar_inner_sanctum
D:2:      layout_loops_ring, serial_bayou, serial_bayou_shore_b,
          serial_bayou_crossing, serial_bayou_shore_a, serial_bayou_pond_c,
          basic_altar, uniq_terence, uniq_robin, uniq_jessica
D:3:      layout_rooms, kennysheep_orc_sif_temple,
          nicolae_overflow_crystal_walls, nicolae_ashenzari_panopticon,
          nicolae_underground_beach

Skill      XL: |  1  2  3  4  5  6  7 |
---------------+----------------------+-----
Spellcasting   | 3 4 5 |  5.3
Fighting       | 1 |  1.9
Stealth        | 2 |  2.0
Dodging        | |  2.5

Action                   |  1- 3 |  4- 6 |  7- 9 || total
-------------------------+-------+-------+-------++-------
Melee: Hand axe          |       |     1 |       ||     1
 Cast: Foxfire           |    53 |    86 |     2 ||   141
       Scorch            |     4 |    24 |     1 ||    29
       Flame Wave        |       |       |     1 ||     1
  Use: Potion            |       |       |     1 ||     1
Armor: Robe              |     2 |       |     1 ||     3
Dodge: Dodged            |     7 |    11 |     2 ||    20

Table legend: (Time is in decaauts)
 A = Elapsed time spent in this place.
 B = Non-inter-level travel time spent in this place.
 C = Inter-level travel time spent in this place.
 D = Time resting spent in this place.
 E = Time spent auto-exploring this place.
 F = Levels seen in this place.
 G = Mean time per level.
                   A        B        C        D        E       F      G
               +--------+--------+--------+--------+--------+-----+--------+
         Total |   4420 |   4278 |    142 |    753 |   3109 |   3 | 1473.3 |
       Dungeon |   4420 |   4278 |    142 |    753 |   3109 |   3 | 1473.3 |
               +--------+--------+--------+--------+--------+-----+--------+

Top non-repeatable levels by time:
     D:1: 1712 daAuts
     D:2: 1503 daAuts
     D:3: 1205 daAuts
